 Dungeon Sprint DCSS version 0.29.1-2-gbd0b4ee654 (webtiles) character file.

Game seed: 11148376647765532243

996 boopmooplesden the Fighter (level 7, -4/78 HPs)
             Began as a Minotaur Berserker on Nov 30, 2022.
             Was a Priest of Trog.
             Slain by a neqoxec (8 damage)
             ... summoned by a kobold demonologist
             ... in the Dungeon (Sprint I: "Red Sonja").
             The game lasted 00:01:13 (1230 turns).

boopmooplesden the Fighter (Minotaur Berserker)     Turns: 1230, Time: 00:01:13

Health: -4/78      AC: -5    Str: 24      XL:     7   Next: 99%
Magic:  6/6        EV: 13    Int:  4      God:    Trog [***...]
Gold:   405        SH:  0    Dex:  7 (9)  Spells: 6/6 levels left

rFire   . . .      SeeInvis .   a - +0 hand axe
rCold   . . .      Faith    .   (no shield)
rNeg    . . .      Spirit   .   j - +0 leather armour
rPois   .          Reflect  .   (helmet restricted)
rElec   .          Harm     .   (no cloak)
rCorr   .          Rampage  .   (no gloves)
Will    ++...      NoTele   +   (no boots)
Stlth   +.........              (no amulet)
HPRegen 1.23/turn               (no ring)
MPRegen 0.10/turn               (no ring)

@: strong-willed, corroded, on berserk cooldown, regenerating, slowed, very slow
A: horns 2, retaliatory headbutt, deformed body, subdued magic 1
a: Renounce Religion, Berserk, Trog's Hand


You were in the Dungeon.
You worshipped Trog.
Trog was most pleased with you.
You visited 1 branch You collected 405 gold pieces.

Inventory:

Hand Weapons
 a - a +0 hand axe (weapon)
Armour
 b - a +0 animal skin
 j - a +0 leather armour (worn)
Wands
 i - a wand of charming (13)
Scrolls
 h - a scroll of blinking
 k - a scroll of summoning {unknown}
Potions
 c - a potion of curing
 d - a potion of heal wounds
 e - a potion of haste
 f - 2 potions of magic
 g - a potion of berserk rage


   Skills:
 + Level 12.9 Fighting
 + Level 12.9 Axes
 + Level 8.3 Armour
 + Level 7.1 Dodging
 + Level 1.7 Stealth


You had 6 spell levels left.
You didn't know any spells.
Your spell library was empty.

Dungeon Overview and Level Annotations

Branches:
Dungeon (1/1)

Altars:
Cheibriados
Dithmenos
Elyvilon
Fedhas
Gozag
Hepliaklqana
Kikubaaqudgha
Makhleb
Nemelex Xobeh
Okawaru
Qazlal
Ru
Sif Muna
Trog
Uskayaw
Vehumet
Wu Jian
Xom
Yredelemnul
Zin
The Shining One
Jiyva
Lugonu

Shops:
D !


Innate Abilities, Weirdness & Mutations

You have a pair of horns on your head.
You reflexively headbutt those who attack you in melee.
Armour fits poorly on your strangely shaped body.
Your spells are a little easier to cast, but a little less powerful.


Message History

The crimson imp disappears in a puff of smoke!
You barely miss the neqoxec. You barely miss the rust devil.
You hit the quasit but do no damage. You hit the kobold demonologist.
The rust devil closely misses you. You furiously retaliate!
You headbutt the rust devil, but do no damage.
The quasit misses you. x2; The quasit claws you.
The neqoxec hits you!
The kobold demonologist hits you with a +0 dagger.
You feel your intelligence returning.
Your Armour skill increases to level 8!
Your Dodging skill increases to level 7!
You closely miss the kobold demonologist.
The kobold demonologist is heavily wounded.
You hit the iron imp. You barely miss the rust devil.
You closely miss the quasit. You hit the shadow imp. You hit the neqoxec.
The quasit closely misses you. The quasit claws you.
You feel clumsy. The quasit misses you. The rust devil barely misses you.
The neqoxec barely misses you. The shadow imp closely misses you.
The kobold demonologist hits you with a +0 dagger.
The quasit completely misses you. You furiously retaliate!
You headbutt the quasit. The quasit claws you. x2
You feel clumsy. The rust devil barely misses you. The iron imp hits you!
* * * LOW HITPOINT WARNING * * *
You barely miss the kobold demonologist.
The kobold demonologist is heavily wounded.
You hit the shadow imp but do no damage.
You hit the neqoxec. You hit the iron imp but do no damage.
You hit the rust devil. You hit the quasit. The neqoxec closely misses you.
The shadow imp hits you.
* * * LOW HITPOINT WARNING * * *
The quasit bites you.
* * * LOW HITPOINT WARNING * * *
The quasit misses you. The quasit claws you.
* * * LOW HITPOINT WARNING * * *
The kobold demonologist closely misses you.
The rust devil hits you!
* * * LOW HITPOINT WARNING * * *
The rust devil corrodes you! The neqoxec hits you!
You die...

####################
').#..'..#__#..455.#
#..').#..'..'..#@3.#
##'#####'#__####K5.+
#..#...#)#### #####
####..##.#
___##'#_.+
∩...'..._#
.__##_.#+# ___###+#
####


You could see a rust devil (summoned), a kobold demonologist, a neqoxec
(summoned), an iron imp (summoned), a quasit (summoned) and a shadow imp
(summoned).

Vanquished Creatures
  A kobold demonologist (D)
  A slime creature (D)
  Sigmund (D)
  A yak (D)
  A floating eye (D)
  An ogre (D)
  A jelly (D)
  Ijyb (D)
8 creatures vanquished.

Notes
Turn   | Place    | Note
-------+----------+-------------------------------------------
     0 | D        | boopmooplesden the Minotaur Berserker began the quest for
                  | the Orb.
     0 | D        | Reached XP level 1. HP: 19/19 MP: 0/0
     1 | D        | Noticed Ijyb
     4 | D        | Killed Ijyb
     5 | D        | Reached skill level 5 in Fighting
     5 | D        | Reached skill level 5 in Axes
     5 | D        | Reached XP level 2. HP: 29/29 MP: 1/1
   145 | D        | Noticed an ogre
   149 | D        | Killed an ogre
   150 | D        | Reached XP level 3. HP: 13/40 MP: 2/2
   150 | D        | Reached XP level 4. HP: 15/48 MP: 3/3
   475 | D        | Noticed Sigmund
   481 | D        | Killed Sigmund
   481 | D        | Reached ** piety under Trog
   482 | D        | Reached skill level 10 in Fighting
   482 | D        | Reached skill level 5 in Armour
   482 | D        | Reached skill level 5 in Dodging
   482 | D        | Reached XP level 5. HP: 43/58 MP: 4/4
   482 | D        | Reached XP level 6. HP: 50/66 MP: 5/5
   669 | D        | Found a shimmering blue altar of Sif Muna.
   670 | D        | Found an ornate altar of the Wu Jian Council.
   671 | D        | Found a radiant altar of Vehumet.
   674 | D        | Reached skill level 10 in Axes
   695 | D        | Found Wavoun's Distillery.
   695 | D        | Found an ancient bone altar of Kikubaaqudgha.
   695 | D        | Found a hazy altar of Hepliaklqana.
   695 | D        | Found a hide-covered altar of Uskayaw.
   695 | D        | Found a basalt altar of Yredelemnul.
   695 | D        | Found an opulent altar of Gozag.
   695 | D        | Found a snail-covered altar of Cheibriados.
   695 | D        | Found a sacrificial altar of Ru.
   695 | D        | Found a shadowy altar of Dithmenos.
   695 | D        | Noticed a yak
   705 | D        | Killed a yak
   706 | D        | Found a stormy altar of Qazlal.
   706 | D        | Found a blossoming altar of Fedhas.
   706 | D        | Found a bloodstained altar of Trog.
   706 | D        | Found an iron altar of Okawaru.
   706 | D        | Found a glowing golden altar of the Shining One.
   706 | D        | Found a glowing silver altar of Zin.
   706 | D        | Found a white marble altar of Elyvilon.
   707 | D        | Found a sparkling altar of Nemelex Xobeh.
   887 | D        | Found a burning altar of Makhleb.
   887 | D        | Found a viscous altar of Jiyva.
   887 | D        | Found a shimmering altar of Xom.
   887 | D        | Found a corrupted altar of Lugonu.
   887 | D        | Noticed a slime creature
   899 | D        | Killed a slime creature
   899 | D        | Reached *** piety under Trog
   900 | D        | Reached skill level 1 in Stealth
   900 | D        | Reached XP level 7. HP: 10/77 MP: 6/6
  1211 | D        | Noticed a kobold demonologist
  1212 | D        | Noticed a kobold demonologist
  1218 | D        | Noticed a neqoxec
  1223 | D        | Gained mutation: Your spells are a little easier to cast,
                  | but a little less powerful. [a neqoxec]
  1225 | D        | Noticed a rust devil
  1226 | D        | Gained mutation: Armour fits poorly on your strangely
                  | shaped body. [a neqoxec]
  1228 | D        | Killed a kobold demonologist
  1230 | D        | Slain by a neqoxec

Illustrated notes

Levels and vault maps discovered:
D:        dungeon_sprint_1 [red_sonja_temple_1, red_sonja_temple_small_1]

Skill      XL: |  1  2  3  4  5  6  7 |
---------------+----------------------+-----
Fighting       | 5 7 10 12 | 12.9
Axes           | 5 7 9 11 12 | 12.9
Armour         | 3 4 5 7 8 |  8.3
Dodging        | 3 5 6 7 |  7.1
Stealth        | 1 |  1.7

Action                   |  1- 3 |  4- 6 |  7- 9 || total
-------------------------+-------+-------+-------++-------
Melee: Hand axe          |     5 |    26 |    11 ||    42
       Headbutt          |     2 |    10 |     1 ||    13
       Punch             |       |       |     1 ||     1
Invok: Berserk           |     2 |     1 |     1 ||     4
       Trog's Hand       |       |       |     1 ||     1
Armor: Leather armour    |       |     1 |     5 ||     6
Dodge: Dodged            |     2 |    11 |    35 ||    48
